[Event "DVM U14 2024"]
[Site "Heidelberg"]
[Date "2024.12.29"]
[Round "5"]
[White "Mohylnyi, Stepan"]
[Black "Faerber, Anna"]
[Result "1-0"]
[ECO "B27"]
[WhiteElo "2180"]
[BlackElo "1698"]
[Annotator "ChessBase"]
[PlyCount "33"]
[EventDate "2024.12.23"]
[EventType "team-tourn"]
[EventRounds "7"]
[EventCountry "GER"]
[SourceTitle "playchess.com"]
[Source "ChessBase"]
[SourceQuality "1"]
[TimeControl "40/5400+30:1800+30"]

1. e4 c5 2. Nf3 g6 3. d4 cxd4 4. Qxd4 Nf6 5. e5 Nc6 6. Qa4 Nd5 7. Qe4 Nb6 8. Nc3 Bg7 9. Bf4 O-O 10. O-O-O f5 11. Qe3 a6 12. h4 e6 13. h5 Nb4 14. hxg6 N4d5 15. Nxd5 Nxd5 16. Rxd5 exd5 17. Qc5 1-0

[Event "DVM U14 2024"]
[Site "Heidelberg"]
[Date "2024.12.29"]
[Round "5"]
[White "Noennig, Jakob"]
[Black "Bauer, Laura Sophie"]
[Result "1/2-1/2"]
[ECO "C54"]
[WhiteElo "2065"]
[BlackElo "1926"]
[Annotator "NA"]
[PlyCount "46"]
[EventDate "2024.12.23"]
[EventType "team-tourn"]
[EventRounds "7"]
[EventCountry "GER"]
[SourceTitle "playchess.com"]
[Source "ChessBase"]
[SourceQuality "1"]
[TimeControl "40/5400+30:1800+30"]

1. e4 e5 2. Nf3 Nc6 3. Bc4 Bc5 4. c3 Nf6 5. d4 exd4 6. e5 d5 7. Bb5 Ne4 8. cxd4 Bb6 9. Nc3 O-O 10. Be3 Bg4 11. h3 Bh5 12. Qc2 Ba5 13. O-O Bxf3 14. gxf3 Nxd4 15. Bxd4 Qg5+ 16. Kh1 Bxc3 17. bxc3 Qf5 18. Kg2 Qg5+ 19. Kh2 Qf4+ 20. Kg2 Qg5+ 21. Kh1 Qf5 22. Qd1 Qxh3+ 23. Kg1 Ng3 1/2-1/2

[Event "DVM U14 2024"]
[Site "Heidelberg"]
[Date "2024.12.29"]
[Round "5"]
[White "Riechenberg, Sebastian"]
[Black "Steinbrenner, Peter"]
[Result "1/2-1/2"]
[ECO "E07"]
[WhiteElo "2041"]
[BlackElo "1946"]
[Annotator "NA RC"]
[PlyCount "96"]
[EventDate "2024.12.23"]
[EventType "team-tourn"]
[EventRounds "7"]
[EventCountry "GER"]
[SourceTitle "playchess.com"]
[Source "ChessBase"]
[SourceQuality "1"]
[TimeControl "40/5400+30:1800+30"]

1. d4 Nf6 2. c4 e6 3. Nf3 d5 4. g3 Be7 5. Bg2 c6 6. O-O Nbd7 7. Nc3 b6 8. Qd3 Bb7 9. b3 O-O 10. Bb2 c5 11. cxd5 exd5 12. Rfd1 Rc8 13. Qf5 c4 14. Ne5 cxb3 15. axb3 a5 16. Rac1 g6 17. Qd3 Nb8 18. Na4 Ba6 19. Qe3 Qd6 20. Bh3 Rxc1 21. Rxc1 Ne4 22. Bg2 Nf6 23. Rc2 Rc8 24. Qc1 Rxc2 25. Qxc2 Bb7 26. Bc1 Na6 27. Bf4 Qa3 28. Bc1 Qd6 29. Nd3 Ne4 30. f3 Nf6 31. Kf2 Nd7 32. Bf4 Qa3 33. Bh3 f5 34. Ne5 Nf8 35. g4 Ne6 36. Qd2 g5 37. gxf5 Nxf4 38. Bg4 Qd6 39. e3 h5 40. exf4 hxg4 41. fxg5 gxf3 42. h4 Nb4 43. Kxf3 Nc6 44. Qe3 b5 45. Nb2 Nxe5+ 46. Qxe5 Qxe5 47. dxe5 d4+ 48. Kf4 Bd5 1/2-1/2

[Event "DVM U14 2024"]
[Site "Heidelberg"]
[Date "2024.12.29"]
[Round "5"]
[White "Marcziter, Alex"]
[Black "Aweh, Mads"]
[Result "1-0"]
[ECO "B24"]
[WhiteElo "2017"]
[BlackElo "1663"]
[Annotator "NA"]
[PlyCount "75"]
[EventDate "2024.12.23"]
[EventType "team-tourn"]
[EventRounds "7"]
[EventCountry "GER"]
[SourceTitle "playchess.com"]
[Source "ChessBase"]
[SourceQuality "1"]
[TimeControl "40/5400+30:1800+30"]

1. e4 c5 2. Nc3 Nc6 3. g3 e5 4. Bg2 Nf6 5. d3 Be7 6. f4 d6 7. f5 O-O 8. Nge2 Bd7 9. h3 Nd4 10. O-O b5 11. g4 Ne8 12. Nd5 Bg5 13. c3 Nxe2+ 14. Qxe2 Bxc1 15. Raxc1 Bc6 16. Ne3 Rc8 17. Qf2 b4 18. h4 bxc3 19. bxc3 Nc7 20. g5 Kh8 21. Ng4 Bd7 22. Qe3 Rb8 23. h5 Kg8 24. Rf3 Ne8 25. Rcf1 Qa5 26. g6 Qxc3 27. Qg5 fxg6 28. hxg6 Nf6 29. Nxf6+ Rxf6 30. gxh7+ Kh8 31. Rg3 Qd4+ 32. Kh1 Rh6+ 33. Bh3 Rxh7 34. f6 Bxh3 35. fxg7+ Kg8 36. Rf8+ Rxf8 37. gxf8=Q+ Kxf8 38. Qg8+ 1-0

[Event "DVM U14 2024"]
[Site "Heidelberg"]
[Date "2024.12.29"]
[Round "5"]
[White "Li, Yunqi"]
[Black "Roessler, Leo"]
[Result "0-1"]
[ECO "E94"]
[WhiteElo "1990"]
[BlackElo "1589"]
[Annotator "NA RC"]
[PlyCount "74"]
[EventDate "2024.12.23"]
[EventType "team-tourn"]
[EventRounds "7"]
[EventCountry "GER"]
[SourceTitle "playchess.com"]
[Source "ChessBase"]
[SourceQuality "1"]
[TimeControl "40/5400+30:1800+30"]

1. d4 d6 2. c4 Nf6 3. Nc3 g6 4. e4 Bg7 5. Nf3 O-O 6. Be2 e5 7. O-O exd4 8. Nxd4 Re8 9. f3 Nbd7 10. Be3 Ne5 11. Kh1 a6 12. Qd2 Be6 13. Nxe6 fxe6 14. Rfd1 Qe7 15. Rab1 Rad8 16. Bg5 Nf7 17. Bh4 Bh6 18. Qc2 g5 19. Bf2 Bg7 20. b4 b6 21. a4 Nh5 22. a5 bxa5 23. bxa5 Nf4 24. Bf1 Rb8 25. Na4 Qf6 26. c5 Qh6 27. cxd6 cxd6 28. Nb6 Be5 29. Bg3 Nh5 30. Bxe5 Nxe5 31. Qd2 Rbd8 32. Bxa6 Rf8 33. Nc4 Ng3+ 34. Kg1 Nh5 35. Nxe5 dxe5 36. Qe3 Nf4 37. Kh1 Qg6 0-1

[Event "DVM U14 2024"]
[Site "Heidelberg"]
[Date "2024.12.29"]
[Round "5"]
[White "Klein, Levent"]
[Black "Schwitkowski, Luka"]
[Result "0-1"]
[ECO "A48"]
[WhiteElo "1985"]
[BlackElo "2070"]
[Annotator "NA RC"]
[PlyCount "96"]
[EventDate "2024.12.23"]
[EventType "team-tourn"]
[EventRounds "7"]
[EventCountry "GER"]
[SourceTitle "playchess.com"]
[Source "ChessBase"]
[SourceQuality "1"]
[TimeControl "40/5400+30:1800+30"]

1. d4 Nf6 2. Nf3 g6 3. e3 Bg7 4. Be2 O-O 5. b3 c5 6. Bb2 cxd4 7. exd4 Nc6 8. O-O d5 9. Re1 Bf5 10. c3 Rc8 11. Bd3 e6 12. Bxf5 exf5 13. Qd3 Ne4 14. Nbd2 Re8 15. Nf1 h5 16. N3d2 Qd6 17. f3 Nf6 18. Rad1 h4 19. c4 Nh5 20. cxd5 Nf4 21. Qb5 Qxd5 22. Qxd5 Nxd5 23. Nc4 Rxe1 24. Rxe1 Nxd4 25. Rd1 Nf4 26. Nfe3 b5 27. Nd6 Rc6 28. g3 hxg3 29. hxg3 Rxd6 30. gxf4 Nxf3+ 31. Kf2 Rxd1 32. Nxd1 Bxb2 33. Nxb2 Nd4 34. Nd3 f6 35. Ke3 Ne6 36. a4 bxa4 37. bxa4 Kf7 38. Nb4 g5 39. Nc6 a6 40. Nb4 Nc7 41. a5 Ke6 42. Nc6 Kd6 43. Nd4 Nd5+ 44. Kf3 Ne7 45. Ke3 Kd5 46. Nf3 g4 47. Nd4 Kc5 48. Ne6+ Kb5 0-1

[Event "DVM U14 2024"]
[Site "Heidelberg"]
[Date "2024.12.29"]
[Round "5"]
[White "Retzlaff, Nick"]
[Black "Obermair, Hannes"]
[Result "1-0"]
[ECO "B33"]
[WhiteElo "1979"]
[BlackElo "1653"]
[Annotator "NA"]
[PlyCount "47"]
[EventDate "2024.12.23"]
[EventType "team-tourn"]
[EventRounds "7"]
[EventCountry "GER"]
[SourceTitle "playchess.com"]
[Source "ChessBase"]
[SourceQuality "1"]
[TimeControl "40/5400+30:1800+30"]

1. e4 c5 2. Nf3 Nc6 3. d4 cxd4 4. Nxd4 Nf6 5. Nc3 e5 6. Ndb5 d6 7. Bg5 a6 8. Na3 b5 9. Nd5 Be7 10. Bxf6 Bxf6 11. c3 O-O 12. Nc2 Bg5 13. h4 Bxh4 14. Qh5 Bxf2+ 15. Kxf2 h6 16. g4 Be6 17. Nce3 Qg5 18. Qxg5 hxg5 19. Nf5 Bxf5 20. gxf5 f6 21. Be2 Kf7 22. Bh5+ Kg8 23. Bg6 Rab8 24. Rh2 1-0

[Event "DVM U14 2024"]
[Site "Heidelberg"]
[Date "2024.12.29"]
[Round "5"]
[White "Fischermann, Simon"]
[Black "Bock, Leonas"]
[Result "1-0"]
[ECO "B33"]
[WhiteElo "1899"]
[BlackElo "1668"]
[Annotator "NA"]
[PlyCount "43"]
[EventDate "2024.12.23"]
[EventType "team-tourn"]
[EventRounds "7"]
[EventCountry "GER"]
[SourceTitle "playchess.com"]
[Source "ChessBase"]
[SourceQuality "1"]
[TimeControl "40/5400+30:1800+30"]

1. e4 c5 2. Nf3 Nc6 3. d4 cxd4 4. Nxd4 Nf6 5. Nc3 e5 6. Ndb5 d6 7. Nd5 Nxd5 8. exd5 Ne7 9. c4 Ng6 10. Bd3 a6 11. Nc3 Be7 12. O-O O-O 13. f3 f5 14. Be3 Bd7 15. Qb3 Bg5 16. Bb6 Qe7 17. c5 Be3+ 18. Kh1 dxc5 19. d6+ Be6 20. dxe7 Bxb3 21. exf8=Q+ Rxf8 22. axb3 1-0

[Event "DVM U14 2024"]
[Site "Heidelberg"]
[Date "2024.12.29"]
[Round "5"]
[White "Rodriguez Klasen, Ennio"]
[Black "Haertel, Leon"]
[Result "1/2-1/2"]
[ECO "B38"]
[WhiteElo "1870"]
[BlackElo "1839"]
[Annotator "NA RC"]
[PlyCount "65"]
[EventDate "2024.12.23"]
[EventType "team-tourn"]
[EventRounds "7"]
[EventCountry "GER"]
[SourceTitle "playchess.com"]
[Source "ChessBase"]
[SourceQuality "1"]
[TimeControl "40/5400+30:1800+30"]

1. e4 c5 2. Nf3 Nc6 3. d4 cxd4 4. Nxd4 g6 5. c4 Bg7 6. Be3 Qb6 7. Nb3 Qd8 8. Qd2 Nf6 9. Nc3 Ng4 10. Bf4 d6 11. f3 Nge5 12. Be2 O-O 13. Be3 b6 14. Nd4 Nxd4 15. Bxd4 Be6 16. O-O Rc8 17. b3 Nd7 18. Bxg7 Kxg7 19. Nb5 a5 20. Nd4 Nc5 21. Bd3 Bd7 22. Rab1 e5 23. Nc2 f5 24. exf5 Nxd3 25. Qxd3 Bxf5 26. Qe2 Bxc2 27. Qxc2 d5 28. Qe2 dxc4 29. Qxe5+ Qf6 30. Qxf6+ Rxf6 31. bxc4 Rxc4 32. Rf2 Kf7 33. Rfb2 1/2-1/2

[Event "DVM U14 2024"]
[Site "Heidelberg"]
[Date "2024.12.29"]
[Round "5"]
[White "Kovalyov, Dima"]
[Black "Mueller, Maximilian"]
[Result "1-0"]
[ECO "E07"]
[WhiteElo "1829"]
[BlackElo "1679"]
[Annotator "NA"]
[PlyCount "67"]
[EventDate "2024.12.23"]
[EventType "team-tourn"]
[EventRounds "7"]
[EventCountry "GER"]
[SourceTitle "playchess.com"]
[Source "ChessBase"]
[SourceQuality "1"]
[TimeControl "40/5400+30:1800+30"]

1. d4 Nf6 2. c4 e6 3. Nf3 d5 4. g3 Be7 5. Bg2 O-O 6. O-O Nbd7 7. Nfd2 c6 8. Nc3 Re8 9. Re1 Bf8 10. e4 dxe4 11. Ndxe4 Nxe4 12. Nxe4 e5 13. d5 cxd5 14. cxd5 Nc5 15. Nxc5 Bxc5 16. Qb3 Qd6 17. Be3 Bxe3 18. Rxe3 b6 19. f4 Bd7 20. fxe5 Rxe5 21. Rxe5 Qxe5 22. Qc3 Qxc3 23. bxc3 Bb5 24. Rd1 Bc4 25. a3 Rd8 26. Kf2 f6 27. Ke3 b5 28. Kd4 Kf7 29. Kc5 Ke7 30. d6+ Kd7 31. Bh3+ Be6 32. Bxe6+ Kxe6 33. Re1+ Kf7 34. Re7+ 1-0

[Event "DVM U14 2024"]
[Site "Heidelberg"]
[Date "2024.12.29"]
[Round "5"]
[White "Arne, Jonas"]
[Black "Bohatyrova, Mariia"]
[Result "1-0"]
[ECO "A26"]
[WhiteElo "1823"]
[BlackElo "1682"]
[Annotator "NA RC"]
[PlyCount "139"]
[EventDate "2024.12.23"]
[EventType "team-tourn"]
[EventRounds "7"]
[EventCountry "GER"]
[SourceTitle "playchess.com"]
[Source "ChessBase"]
[SourceQuality "1"]
[TimeControl "40/5400+30:1800+30"]

1. c4 e5 2. d3 Nc6 3. a3 a5 4. g3 g6 5. Bg2 Bg7 6. Nc3 Nf6 7. Nf3 d6 8. O-O O-O 9. Rb1 h6 10. Bd2 Be6 11. b4 axb4 12. axb4 Qd7 13. Re1 Bh3 14. Bh1 Nh5 15. b5 Ne7 16. Nh4 Rab8 17. Nd5 Nxd5 18. Bxd5 Kh7 19. Be3 b6 20. f3 f5 21. Ng2 f4 22. Bf2 fxg3 23. hxg3 Qe7 24. Kh2 Bc8 25. Rh1 Nf6 26. Ne3 Ng4+ 27. Nxg4 Bxg4 28. Kg2 Bd7 29. Be3 Be6 30. Bc6 Rh8 31. Qd2 h5 32. Be4 Qf7 33. Rxh5+ Kg8 34. Rxh8+ Bxh8 35. Rh1 Bg7 36. Bh6 Bxh6 37. Qxh6 Qg7 38. Qxg6 Qxg6 39. Bxg6 Kg7 40. Be4 Bf7 41. Bc6 Be8 42. Bd5 Rc8 43. f4 exf4 44. gxf4 Bg6 45. e4 Kf6 46. Kf3 Bf7 47. Bxf7 Kxf7 48. Rh7+ Kg6 49. Rd7 Kf6 50. d4 Ke6 51. Rh7 Kf6 52. e5+ dxe5 53. dxe5+ Kf5 54. Rf7+ Ke6 55. Rf6+ Ke7 56. Ke4 Rd8 57. Rc6 Kd7 58. e6+ Kc8 59. f5 Rd1 60. Ke5 Rd8 61. e7 Re8 62. Ke6 Rh8 63. f6 Kb7 64. f7 Rh6+ 65. Kf5 Rh5+ 66. Kg4 Rh8 67. f8=Q Rxf8 68. exf8=Q Ka7 69. Qd8 Kb7 70. Rxc7# 1-0

[Event "DVM U14 2024"]
[Site "Heidelberg"]
[Date "2024.12.29"]
[Round "5"]
[White "Pflug, Anton"]
[Black "Neumeier, Valentina"]
[Result "1-0"]
[ECO "C54"]
[WhiteElo "1812"]
[BlackElo "1877"]
[Annotator "NA RC"]
[PlyCount "131"]
[EventDate "2024.12.23"]
[EventType "team-tourn"]
[EventRounds "7"]
[EventCountry "GER"]
[SourceTitle "playchess.com"]
[Source "ChessBase"]
[SourceQuality "1"]
[TimeControl "40/5400+30:1800+30"]

1. e4 e5 2. Nf3 Nc6 3. Bc4 Bc5 4. c3 Nf6 5. d4 exd4 6. e5 d5 7. Bb5 Ne4 8. cxd4 Bb4+ 9. Bd2 Bxd2+ 10. Nbxd2 Nxd2 11. Qxd2 Bd7 12. Be2 Qe7 13. a3 a5 14. O-O O-O 15. Rfe1 a4 16. Rac1 Bf5 17. Bd3 Bxd3 18. Qxd3 Na5 19. Nd2 Qd7 20. f4 Ra6 21. f5 Rb6 22. Rc2 Nb3 23. Nf1 Rh6 24. Rf2 c5 25. dxc5 Nxc5 26. Qd4 Nb3 27. Qf4 Nc5 28. Rf3 Ne4 29. Ng3 Nxg3 30. Rxg3 Qc6 31. e6 Qc5+ 32. Kh1 Kh8 33. e7 Re8 34. Qe5 Rf6 35. Rc3 Qb5 36. g4 Rb6 37. Rc8 h6 38. Rxe8+ Qxe8 39. Qxd5 Kh7 40. Kg1 Rxb2 41. Qd3 f6 42. Re2 Rxe2 43. Qxe2 b5 44. Qe4 Kh8 45. Qe6 Kh7 46. Qd6 Qc8 47. Qd8 Qc1+ 48. Kg2 Qc2+ 49. Kh3 Qc3+ 50. Kg2 Qc2+ 51. Kf3 Qc3+ 52. Ke4 Qc4+ 53. Qd4 Qe2+ 54. Qe3 Qg2+ 55. Kd4 Qxg4+ 56. Kd5 Qg2+ 57. Kd6 Qxh2+ 58. Kd7 Qc2 59. e8=Q Qxf5+ 60. Q8e6 Qxe6+ 61. Kxe6 h5 62. Kf7 b4 63. axb4 a3 64. Qe4+ Kh8 65. Qg6 a2 66. Qxh5# 1-0

[Event "DVM U14 2024"]
[Site "Heidelberg"]
[Date "2024.12.29"]
[Round "5"]
[White "Ollhoff, Hannes"]
[Black "Mandalka, Justus"]
[Result "0-1"]
[ECO "D02"]
[WhiteElo "1801"]
[BlackElo "2059"]
[Annotator "NA RC"]
[PlyCount "111"]
[EventDate "2024.12.23"]
[EventType "team-tourn"]
[EventRounds "7"]
[EventCountry "GER"]
[SourceTitle "playchess.com"]
[Source "ChessBase"]
[SourceQuality "1"]
[TimeControl "40/5400+30:1800+30"]

1. d4 d5 2. Nf3 Nf6 3. c3 Bf5 4. Qb3 Qc8 5. Bf4 e6 6. e3 Bd6 7. Bxd6 cxd6 8. Nbd2 O-O 9. Be2 Nc6 10. O-O e5 11. dxe5 dxe5 12. Bb5 Qc7 13. Rac1 Rfd8 14. Rfe1 Rab8 15. Qa4 a6 16. Be2 h6 17. h3 Ra8 18. Qh4 b5 19. g4 Bg6 20. Qg3 Re8 21. b3 Qa5 22. c4 e4 23. b4 Nxb4 24. Nb3 Qxa2 25. Nfd4 dxc4 26. Ra1 cxb3 27. Rxa2 bxa2 28. Qd6 Nfd5 29. Ra1 Red8 30. Qe5 Nc3 31. Qc5 Nbd5 32. Qa3 b4 33. Qb3 a5 34. Bb5 a4 35. Qb2 b3 36. Bc6 Ra6 37. Bxd5 Nxd5 38. Nb5 Rb8 39. Na3 Nb4 40. Kf1 Nd3 41. Qc3 b2 42. Rxa2 b1=Q+ 43. Nxb1 Rxb1+ 44. Kg2 Ne1+ 45. Kg3 Rf6 46. Rb2 Rxb2 47. Qxb2 Rf3+ 48. Kh2 Nd3 49. Qa3 Nxf2 50. Qxa4 Rxe3 51. Kg2 Nxh3 52. Qa7 Nf4+ 53. Kf2 Rf3+ 54. Ke1 Kh7 55. Qb6 Rg3 56. Qf2 0-1

[Event "DVM U14 2024"]
[Site "Heidelberg"]
[Date "2024.12.29"]
[Round "5"]
[White "Botschek, Marius"]
[Black "Dersewski, Jonas"]
[Result "1/2-1/2"]
[ECO "C01"]
[WhiteElo "1788"]
[BlackElo "1738"]
[Annotator "NA RC"]
[PlyCount "101"]
[EventDate "2024.12.23"]
[EventType "team-tourn"]
[EventRounds "7"]
[EventCountry "GER"]
[SourceTitle "playchess.com"]
[Source "ChessBase"]
[SourceQuality "1"]
[TimeControl "40/5400+30:1800+30"]

1. e4 e6 2. d4 d5 3. Bd3 Nf6 4. e5 Nfd7 5. Ne2 c5 6. c3 Nc6 7. a3 cxd4 8. cxd4 Qb6 9. b4 Be7 10. Be3 O-O 11. O-O f6 12. Nf4 fxe5 13. Nxe6 exd4 14. Nxd4 Nxd4 15. Bxd4 Qh6 16. Be3 Bg5 17. Bxg5 Qxg5 18. Qd2 Qxd2 19. Nxd2 Ne5 20. Be2 Bf5 21. Nf3 Nxf3+ 22. Bxf3 Be4 23. Bxe4 dxe4 24. Rfe1 Rfe8 25. Re3 Re7 26. Rae1 Rd8 27. h3 Kf7 28. Rxe4 Rxe4 29. Rxe4 Rd1+ 30. Kh2 Rd2 31. Kg3 Kf6 32. Re3 Rd4 33. Kf3 h5 34. g4 hxg4+ 35. hxg4 b6 36. Kg3 g5 37. Rf3+ Kg6 38. Rc3 Rd6 39. f3 Kf6 40. Rc7 a6 41. Rc3 b5 42. Kf2 Re6 43. Rd3 Rc6 44. Ke2 Re6+ 45. Kd2 Rc6 46. Ke3 Re6+ 47. Kd4 Rd6+ 48. Kc3 Rc6+ 49. Kb3 Ke5 50. a4 Rb6 51. axb5 1/2-1/2

[Event "DVM U14 2024"]
[Site "Heidelberg"]
[Date "2024.12.29"]
[Round "5"]
[White "Ramming, Moritz"]
[Black "Shevchenko, Igor"]
[Result "0-1"]
[ECO "B13"]
[WhiteElo "1769"]
[BlackElo "1788"]
[Annotator "NA RC"]
[PlyCount "96"]
[EventDate "2024.12.23"]
[EventType "team-tourn"]
[EventRounds "7"]
[EventCountry "GER"]
[SourceTitle "playchess.com"]
[Source "ChessBase"]
[SourceQuality "1"]
[TimeControl "40/5400+30:1800+30"]

1. e4 c6 2. d4 d5 3. exd5 cxd5 4. Bd3 Nc6 5. c3 Qc7 6. Na3 a6 7. Nc2 g6 8. h3 Nf6 9. Nf3 Bf5 10. Bg5 Bxd3 11. Qxd3 Ne4 12. Bc1 e6 13. Ng5 Nf6 14. Qf3 Bg7 15. h4 h6 16. Nh3 e5 17. dxe5 Nxe5 18. Qe2 O-O-O 19. Bf4 Rhe8 20. O-O-O Ne4 21. Nd4 Qa5 22. Kb1 f5 23. f3 Nc5 24. Nb3 Nxb3 25. axb3 Nc6 26. Qd2 Qb5 27. Bxh6 Re2 28. Qc1 Bxh6 29. Qxh6 Qxb3 30. Rd2 Rxd2 31. Qxd2 d4 32. cxd4 Rxd4 33. Qc2 Qxc2+ 34. Kxc2 Rxh4 35. Re1 Nd4+ 36. Kc3 Nxf3 37. Re8+ Kd7 38. Rg8 Ne5 39. Rg7+ Kc6 40. Re7 Rc4+ 41. Kd2 Rc5 42. b3 a5 43. Ng5 b5 44. Ra7 Kb6 45. Re7 Rd5+ 46. Kc2 Kc5 47. Re6 Kb4 48. Nh3 Rc5+ 0-1

[Event "DVM U14 2024"]
[Site "Heidelberg"]
[Date "2024.12.29"]
[Round "5"]
[White "Kommessin, Felix"]
[Black "Kalinski, Jan"]
[Result "1-0"]
[ECO "B21"]
[WhiteElo "1757"]
[BlackElo "1700"]
[Annotator "NA"]
[PlyCount "53"]
[EventDate "2024.12.23"]
[EventType "team-tourn"]
[EventRounds "7"]
[EventCountry "GER"]
[SourceTitle "playchess.com"]
[Source "ChessBase"]
[SourceQuality "1"]
[TimeControl "40/5400+30:1800+30"]

1. e4 c5 2. d4 cxd4 3. c3 dxc3 4. Nxc3 Nc6 5. Nf3 e6 6. Bc4 Bb4 7. O-O Nge7 8. Bg5 h6 9. Be3 O-O 10. Qe2 Bxc3 11. bxc3 Qa5 12. Rac1 d5 13. Bd3 dxe4 14. Bxe4 Rd8 15. Kh1 e5 16. Nh4 Be6 17. Qh5 Nd5 18. Bxh6 gxh6 19. Qxh6 f6 20. c4 Nde7 21. Qxf6 Bf7 22. f4 exf4 23. Rxf4 Rf8 24. Rg4+ Bg6 25. Rxg6+ Nxg6 26. Qxg6+ Kh8 27. Qh7# 1-0

[Event "DVM U14 2024"]
[Site "Heidelberg"]
[Date "2024.12.29"]
[Round "5"]
[White "Han, Erdem"]
[Black "Geschke, David"]
[Result "1/2-1/2"]
[ECO "D37"]
[WhiteElo "1751"]
[BlackElo "1831"]
[Annotator "NA"]
[PlyCount "55"]
[EventDate "2024.12.23"]
[EventType "team-tourn"]
[EventRounds "7"]
[EventCountry "GER"]
[SourceTitle "playchess.com"]
[Source "ChessBase"]
[SourceQuality "1"]
[TimeControl "40/5400+30:1800+30"]

1. d4 d5 2. c4 e6 3. Nc3 Nf6 4. Nf3 Nbd7 5. Bf4 c6 6. e3 Be7 7. h3 O-O 8. Qc2 Re8 9. Bd3 dxc4 10. Bxc4 Nb6 11. Bd3 Nbd5 12. Be5 Nb4 13. Qb1 Nxd3+ 14. Qxd3 Nd5 15. O-O b6 16. Rac1 Bb7 17. Rfd1 f6 18. Bh2 Bd6 19. Bxd6 Qxd6 20. Nxd5 exd5 21. a3 Rac8 22. Qf5 Rc7 23. b4 Bc8 24. Qd3 Be6 25. Rc3 Qd7 26. Rdc1 Bf5 27. Qe2 Qd6 28. Qa6 1/2-1/2

[Event "DVM U14 2024"]
[Site "Heidelberg"]
[Date "2024.12.29"]
[Round "5"]
[White "Blumenthal Tuset, Sebastian"]
[Black "Yan, Haichen"]
[Result "0-1"]
[ECO "B29"]
[WhiteElo "1732"]
[BlackElo "1732"]
[Annotator "NA"]
[PlyCount "78"]
[EventDate "2024.12.23"]
[EventType "team-tourn"]
[EventRounds "7"]
[EventCountry "GER"]
[SourceTitle "playchess.com"]
[Source "ChessBase"]
[SourceQuality "1"]
[TimeControl "40/5400+30:1800+30"]

1. e4 c5 2. Nf3 e6 3. Nc3 Nf6 4. e5 Nd5 5. Nxd5 exd5 6. d4 d6 7. exd6 Bxd6 8. dxc5 Bxc5 9. Be2 Be6 10. O-O O-O 11. c3 Qc7 12. Qc2 Nd7 13. Ng5 Nf6 14. g3 h6 15. Bf4 Qd7 16. Nxe6 Qxe6 17. Bf3 Ne4 18. Rae1 Rfe8 19. Be3 Bxe3 20. Rxe3 Qc6 21. Rd1 Nf6 22. Red3 Re5 23. Qb3 Rae8 24. Kg2 b5 25. Kf1 Qd7 26. Bg2 Qe6 27. Bxd5 Nxd5 28. Qxd5 Rxd5 29. Rxd5 Qe2+ 30. Kg2 Qxb2 31. R1d2 Qxc3 32. Rd8 Rxd8 33. Rxd8+ Kh7 34. h4 Qc2 35. Rb8 a5 36. g4 Qxa2 37. Rxb5 Qa4 38. Re5 Qxg4+ 39. Kf1 a4 0-1

[Event "DVM U14 2024"]
[Site "Heidelberg"]
[Date "2024.12.29"]
[Round "5"]
[White "Freude, Paul"]
[Black "Ahryzkov, Ivan"]
[Result "1-0"]
[ECO "A05"]
[WhiteElo "1714"]
[BlackElo "1813"]
[Annotator "NA"]
[PlyCount "83"]
[EventDate "2024.12.23"]
[EventType "team-tourn"]
[EventRounds "7"]
[EventCountry "GER"]
[SourceTitle "playchess.com"]
[Source "ChessBase"]
[SourceQuality "1"]
[TimeControl "40/5400+30:1800+30"]

1. e4 c5 2. Nf3 d6 3. g3 Nc6 4. Bg2 Nf6 5. d3 g6 6. O-O Bg7 7. Re1 Ng4 8. c3 Qb6 9. Na3 Nge5 10. Nxe5 Nxe5 11. f4 Bg4 12. Qd2 Nc6 13. Nc4 Qc7 14. Ne3 Bc8 15. Qf2 O-O 16. Bd2 Rb8 17. h4 b5 18. h5 a5 19. hxg6 hxg6 20. Bf3 b4 21. Qh2 bxc3 22. Bxc3 Bxc3 23. bxc3 Kg7 24. Qd2 Ba6 25. Kg2 Qb6 26. Rab1 Qxb1 27. Rxb1 Rxb1 28. e5 Na7 29. exd6 exd6 30. c4 Bb7 31. Bxb7 Rxb7 32. Qxa5 Nc6 33. Qc3+ Kg8 34. Qf6 Nd4 35. Qxd6 Rb2+ 36. Kh3 Rc8 37. Nd5 Kg7 38. Qf6+ Kh7 39. Qxf7+ Kh6 40. g4 Rh8 41. g5+ Kh5 42. Nf6# 1-0

[Event "DVM U14 2024"]
[Site "Heidelberg"]
[Date "2024.12.29"]
[Round "5"]
[White "Kaplan, Arne"]
[Black "Hempel, Lorenz"]
[Result "0-1"]
[ECO "B76"]
[WhiteElo "1710"]
[BlackElo "1960"]
[Annotator "NA RC"]
[PlyCount "116"]
[EventDate "2024.12.23"]
[EventType "team-tourn"]
[EventRounds "7"]
[EventCountry "GER"]
[SourceTitle "playchess.com"]
[Source "ChessBase"]
[SourceQuality "1"]
[TimeControl "40/5400+30:1800+30"]

1. e4 c5 2. Nf3 d6 3. d4 cxd4 4. Nxd4 Nf6 5. Nc3 g6 6. Be3 Bg7 7. f3 O-O 8. Qd2 Nc6 9. g4 Be6 10. Nxe6 fxe6 11. O-O-O Ne5 12. Be2 Qc8 13. h4 Nc4 14. Bxc4 Qxc4 15. h5 b5 16. Bh6 b4 17. Nb1 Rac8 18. Bxg7 Kxg7 19. hxg6 hxg6 20. b3 Qc5 21. Kb2 a5 22. c3 Nxe4 23. Qh6+ Kf7 24. fxe4 bxc3+ 25. Ka1 Ke8 26. Rdf1 Rxf1 27. Rxf1 Qd4 28. Rf8+ Kd7 29. Rxc8 Kxc8 30. Nxc3 Qxc3+ 31. Kb1 Qd3+ 32. Kc1 Qxe4 33. Qg5 Qe1+ 34. Kc2 Qe2+ 35. Kb1 Qe4+ 36. Kc1 Qe5 37. Qxe7 Qa1+ 38. Kc2 Qxa2+ 39. Kc3 Qa1+ 40. Kc2 Qa2+ 41. Kc3 Qa1+ 42. Kc2 Qe5 43. Qe8+ Kc7 44. Qxg6 Kc6 45. g5 Qe2+ 46. Kc1 Kd5 47. Qg8 Kd4 48. Qb8 Qe3+ 49. Kb2 Qe5 50. g6 Kd5+ 51. Ka2 Qh2+ 52. Ka3 Qg1 53. Qb5+ Ke4 54. Qc4+ Kf5 55. Qd3+ Kf6 56. Qf3+ Kxg6 57. Qe4+ Kf6 58. Qf4+ Kg7 0-1

[Event "DVM U14 2024"]
[Site "Heidelberg"]
[Date "2024.12.29"]
[Round "5"]
[White "Glavev, Danail"]
[Black "Nguyen, Bach Khoi"]
[Result "0-1"]
[ECO "B43"]
[WhiteElo "1690"]
[BlackElo "1590"]
[Annotator "NA RC"]
[PlyCount "100"]
[EventDate "2024.12.23"]
[EventType "team-tourn"]
[EventRounds "7"]
[EventCountry "GER"]
[SourceTitle "playchess.com"]
[Source "ChessBase"]
[SourceQuality "1"]
[TimeControl "40/5400+30:1800+30"]

1. e4 c5 2. Nc3 a6 3. Nf3 e6 4. d4 cxd4 5. Nxd4 Qc7 6. Bd3 Nf6 7. O-O d6 8. Bg5 Nbd7 9. Nf3 Be7 10. Re1 b5 11. Ne2 Bb7 12. Ng3 O-O 13. Qe2 Rac8 14. Rac1 h6 15. Bd2 Nb6 16. b3 Rfd8 17. Ba5 d5 18. e5 Nfd7 19. c4 bxc4 20. bxc4 Qc5 21. Bxb6 Nxb6 22. cxd5 Qxc1 23. Rxc1 Rxc1+ 24. Nf1 Nxd5 25. Qb2 Rc7 26. h3 Nf4 27. Bc2 Nxh3+ 28. gxh3 Bxf3 29. Ne3 a5 30. a4 Bb4 31. Qb3 Rc3 32. Qb1 Rdc8 33. Kh2 Rxc2 34. Nxc2 Be4 35. Qf1 Rxc2 36. Kg3 Rc3+ 37. Kh2 Bf5 38. f3 Bd3 39. Qd1 Rc2+ 40. Kg3 Rc3 41. Kg2 Bc5 42. h4 Be3 43. Kg3 g5 44. hxg5 hxg5 45. Kg4 Bf5+ 46. Kh5 Rc1 47. Qd8+ Kh7 48. f4 Bxf4 49. Qa8 Rc2 50. Qg2 Bg6+ 0-1